 Dungeon Crawl Stone Soup version 0.24-a0-693-g39a19ac0f1 (webtiles) character file.

Game seed: 11374458387503113146, levelgen mode: classic

6112 EnegeticOcto the Thaumaturge (level 10, -4/64 HPs)
             Began as a Deep Elf Skald on Sept 27, 2019.
             Was a Priest of Kikubaaqudgha.
             Killed from afar by Erolcha (11 damage)
             ... with a bolt of cold
             ... on level 9 of the Dungeon on Sept 28, 2019.
             The game lasted 00:20:05 (15084 turns).

EnegeticOcto the Thaumaturge (Deep Elf Skald)      Turns: 15084, Time: 00:20:06

Health: -4/64      AC: 17    Str: 11    XL:     10   Next: 58%
Magic:  17/25      EV: 10    Int: 19    God:    Kikubaaqudgha [***...]
Gold:   426        SH:  5    Dex: 14    Spells: 15/28 levels left

rFire    . . .     SeeInvis .   J - +6 flail (protect)
rCold    + . .     Gourm    .   G - +0 buckler
rNeg     . . .     Faith    .   d - +0 scale mail
rPois    .         Spirit   .   (no helmet)
rElec    .         Reflect  .   z - +0 cloak
rCorr    .         Harm     .   s - +0 pair of gloves
MR       +....                  t - +1 pair of boots
Stlth    +.........             y - amulet of rage
HPRegen  0.20/turn              I - ring of protection from cold
MPRegen  0.19/turn              (no ring)

@: protection aura, very slightly contaminated, slowed, very slow
A: no striking features
a: Receive Corpses, Renounce Religion, Evoke Berserk Rage


You were on level 9 of the Dungeon.
You worshipped Kikubaaqudgha.
Kikubaaqudgha was most pleased with you.
You were not hungry.

You visited 1 branch of the dungeon, and saw 9 of its levels.
You also visited: Ossuary.

You collected 426 gold pieces.

Inventory:

Hand Weapons
 a - a +0 short sword
 c - a +3 dagger of speed
 x - a +1 falchion of distortion
 F - a +0 long sword
 J - a +6 flail of protection (weapon)
Missiles
 l - 75 poisoned darts (quivered)
Armour
 d - a +0 scale mail (worn)
 s - a +0 pair of gloves (worn)
 t - a +1 pair of boots (worn)
 z - a +0 cloak (worn)
 G - a +0 buckler (worn)
Jewellery
 y - an amulet of rage (around neck)
 I - a ring of protection from cold (left hand)
 M - an uncursed ring of ice
Wands
 v - a wand of acid (4)
Scrolls
 b - a scroll of enchant armour
 i - 10 scrolls of remove curse {@r2}
 n - 2 scrolls of magic mapping {@r5 !r}
 o - 2 scrolls of blinking {@r4}
 r - 2 scrolls of fear {!r}
 u - 4 scrolls of teleportation {@r3 !r}
 D - a scroll of vulnerability {unknown}
 E - a scroll of amnesia {unknown}
 H - a scroll of random uselessness {unknown}
 K - 2 scrolls of noise
Potions
 f - a potion of heal wounds {@q2 !q}
 g - 5 potions of curing {@q1 !q}
 h - 2 potions of ambrosia {unknown}
 j - a potion of agility {unknown}
 k - 3 potions of mutation
 m - a potion of flight
 q - 2 potions of might {@q3 !q}
 w - 3 potions of resistance
 A - a potion of magic {unknown}
 B - a potion of brilliance {unknown}
Comestibles
 e - 8 rations
 p - 3 chunks of flesh


   Skills:
 - Level 8.1 Fighting
 - Level 2.0 Short Blades
 - Level 0.7 Armour
 - Level 4.2 Dodging
 - Level 3.0 Stealth
 - Level 4.0 Shields
 - Level 9.6 Spellcasting
 - Level 5.6 Hexes
 - Level 5.7 Charms
 + Level 8.2 Necromancy
 - Level 2.1 Translocations


You had 15 spell levels left.
You knew the following spells:

 Your Spells              Type           Power        Failure   Level  Hunger
a - Infusion              Chrm           ####         4%          1    None
b - Shroud of Golubria    Chrm/Tloc      ###...       14%         2    None
c - Song of Slaying       Chrm           ####....     7%          2    None
d - Spectral Weapon       Hex/Chrm       ####....     14%         3    None
M - Borgnjor's Vile Clut  Necr/Erth      ###.......   94%         5    #####..

Your spell library contained the following spells:

 Spells                   Type           Power        Failure   Level  Hunger
 Animate Skeleton         Necr           N/A          1%          1    None
 Pain                     Necr           ####         1%          1    None
 Sublimation of Blood     Necr           #####.....   2%          2    None
 Vampiric Draining        Necr           #####.....   4%          3    None
 Regeneration             Chrm/Necr      #####.....   9%          3    None
 Animate Dead             Necr           N/A          16%         4    ###....
 Dispel Undead            Necr           #####...     41%         5    #####..
 Bolt of Draining         Conj/Necr      ###.......   94%         5    #####..
 Death Channel            Necr           #####.....   94%         6    ######.


Dungeon Overview and Level Annotations

Branches:
Dungeon (9/15)             Temple (0/1) D:7             Orc (0/2) D:9
Ossuary (visited)
   Lair: D:8-11

Altars:
Cheibriados
Dithmenos
Gozag
Kikubaaqudgha
Makhleb
Nemelex Xobeh
Okawaru
Qazlal
Trog
Vehumet
Xom
Zin
The Shining One

Annotations:
D:3 3 runed translucent doors, floatboth's ghost, amateur DsWz
D:7 Harold
D:9 Erolcha


Message History

The phantom is moderately damaged.
The phantom hits you.
The phantom blinks!
You hit the phantom.
Your weapon exudes an aura of protection.
The phantom is heavily damaged.
The phantom blinks!
You hit the phantom.
The phantom is heavily damaged.
The phantom hits you.
The phantom blinks!
The phantom barely misses you.
You closely miss the phantom.
The phantom is heavily damaged.
The phantom hits you but does no damage.
You sock the phantom!
The phantom is almost destroyed.
The phantom hits you but does no damage.
You closely miss the phantom.
The phantom is almost destroyed.
The phantom hits you!
The phantom hits you but does no damage.
You closely miss the phantom.
The phantom is almost destroyed.
The phantom hits you but does no damage.
You barely miss the phantom.
The phantom is almost destroyed.
The phantom hits you. The phantom completely misses you.
You hit the phantom.
Your weapon exudes an aura of protection.
The phantom is almost destroyed.
The phantom hits you but does no damage.
You barely miss the phantom.
The phantom is almost destroyed.
You block the phantom's attack.
You hit the phantom but do no damage.
The phantom is almost destroyed.
The phantom blinks!
The phantom hits you but does no damage.
Erolcha the Cunning comes into view.
She is wielding a +0 giant spiked club.
Erolcha shouts!
You sock the phantom!
You destroy the phantom!
Kikubaaqudgha accepts your kill.
Evoke which item? (* to show all) (? for menu, Esc to quit)
You don't have any such object.
Evoke which item? (* to show all) (? for menu, Esc to quit)
Okay, then.
Erolcha gestures at you while chanting.
You feel yourself slow down.
Evoke which item? (* to show all) (? for menu, Esc to quit)
Okay, then.
Press: ? - help, v - describe, . - travel
Here: Erolcha, wielding a +0 giant spiked club and wearing a +0 robe The floor.
Evoke which item? (* to show all) (? for menu, Esc to quit)
You don't have any such object.
Evoke which item? (* to show all) (? for menu, Esc to quit)
Okay, then.
Unknown command.
Unknown command.
Casting: Shroud of Golubria (safe; 14% risk of failure)
Confirm with . or Enter, or press ? or * to list all spells.
You miscast Shroud of Golubria.
You are very lightly contaminated with residual magic.
Your skin tingles.
Casting: Shroud of Golubria (safe; 14% risk of failure)
Confirm with . or Enter, or press ? or * to list all spells.
You miscast Spectral Weapon.
Multicoloured lights dance before your eyes!
Casting: Spectral Weapon (safe; 14% risk of failure)
Confirm with . or Enter, or press ? or * to list all spells.
Space distorts slightly along a thin shroud covering your body.
Erolcha barely misses you.
Casting: Shroud of Golubria (safe; 14% risk of failure)
Confirm with . or Enter, or press ? or * to list all spells.
You draw out your weapon's spirit!
Erolcha barely misses you.
Evoke which item? (* to show all) (? for menu, Esc to quit)
Aiming: Corrosive Bolt
Press: ? - help, Shift-Dir - straight line, f - Erolcha
Aim: Erolcha, wielding a +0 giant spiked club and wearing a +0 robe The bolt of acid hits Erolcha!
Erolcha is splashed with acid.
The acid corrodes Erolcha!
Erolcha is moderately wounded.
Erolcha closely misses you.
You barely miss Erolcha.
Erolcha is moderately wounded.
Your spectral weapon hits Erolcha!!
Erolcha casts a spell.
Erolcha seems to speed up.
Erolcha hits you with a +0 giant spiked club!!
Your shroud falls apart!
You thump Erolcha!
Your weapon exudes an aura of protection.
Erolcha is severely wounded.
Your spectral weapon hits Erolcha!
Erolcha hits you with a +0 giant spiked club!
* * * LOW HITPOINT WARNING * * *
Erolcha points at you and mumbles some strange words.
The bolt of cold hits you! You resist.
You die...
Kikubaaqudgha rasps: "You have failed me!
Welcome... death!"

##### .## ..# #####
####.### #....
#####......#### #....
#.............#####....
#.....(.......#....)...
#....O@.......#.###....
#.............#># #....
.........>......[.#
#....
###............[..#
#.... #.............###
#.... #.............#
##### #.............#
######..####### #####
##. #####.#.#


You could see Erolcha and a friendly spectral +6 flail of protection.

Vanquished Creatures
  A tengu warrior (D:8)
  Pikel (D:8)
  Joseph (D:8)
  4 hornets
  A hippogriff (D:7)
  A shadow (D:6)
  A wraith (D:9)
  Edmund (D:4)
  A soldier ant (D:9)
  A black bear (D:8)
  An orc warrior (D:9)
  A sky beast (D:5)
  An ice beast (D:5)
  3 phantoms
  2 ogres
  A necrophage (D:7)
  A centaur (D:6)
  3 bullfrogs
  2 water moccasin zombies (Ossuary)
  3 scorpions
  A howler monkey (D:5)
  5 crimson imps
  2 centaur zombies
  5 orc priests
  2 bullfrog zombies
  3 jellies
  4 bullfrog skeletons
  8 hounds
  6 orc wizards
  2 iguanas
  7 worker ants
  3 killer bee zombies
  2 big kobold zombies (Ossuary)
  3 hound zombies (D:6)
  2 mummies (Ossuary)
  A worker ant zombie (D:5)
  5 adders
  3 shadow imps
  4 adder skeletons
  4 adder zombies
  10 worms
  A dart slug (D:5)
  5 leopard geckos
  28 orcs
  5 giant cockroaches
  A gnoll zombie (Ossuary)
  6 goblins
  7 hobgoblins
  16 jackals
  A quokka (D:2)
  2 ball pythons
  8 bats
  5 frilled lizards
  5 hobgoblin zombies (Ossuary)
  11 kobolds
  8 kobold zombies (Ossuary)
  9 orc zombies (Ossuary)
  7 rats
238 creatures vanquished.

Vanquished Creatures (others)
  Grinder (D:3)
  A hungry ghost (D:8)
  An orc priest (D:8)
  An orc wizard (D:8)
  An adder zombie (D:8)
  A leopard gecko (D:8)
  2 orcs (D:8)
8 creatures vanquished.

Grand Total: 246 creatures vanquished

Notes
Turn   | Place    | Note
-------+----------+-------------------------------------------
     0 | D:1      | EnegeticOcto the Deep Elf Skald began the quest for the
                  | Orb.
     0 | D:1      | Reached XP level 1. HP: 12/12 MP: 6/6
   452 | D:1      | Reached XP level 2. HP: 15/17 MP: 5/8
   991 | D:1      | Learned a level 2 spell: Shroud of Golubria
  1041 | D:1      | Reached XP level 3. HP: 18/22 MP: 6/9
  1716 | D:2      | Reached skill level 1 in Stealth
  2601 | D:2      | Reached XP level 4. HP: 20/28 MP: 4/10
  3208 | D:2      | Found an opulent altar of Gozag.
  3727 | D:3      | Found a runed translucent gate.
  3727 | D:3      | Found a runed translucent gate.
  3728 | D:3      | Found a runed translucent gate.
  3735 | D:3      | Found a stormy altar of Qazlal.
  3739 | D:3      | Noticed Grinder
  3755 | D:3      | Paralysed by Grinder for 7 turns
  3772 | D:3      | Killed Grinder
  3772 | D:3      | Reached skill level 4 in Spellcasting
  3772 | D:3      | Reached skill level 5 in Charms
  3772 | D:3      | Reached XP level 5. HP: 23/32 MP: 1/13
  3937 | D:3      | Found a sparkling altar of Nemelex Xobeh.
  4291 | D:3      | Reached skill level 1 in Translocations
  4529 | D:3      | Noticed floatboth's ghost (amateur DsWz)
  5033 | D:4      | Found an ancient bone altar of Kikubaaqudgha.
  5043 | D:4      | Found a radiant altar of Vehumet.
  5052 | D:4      | Found a bloodstained altar of Trog.
  5074 | D:4      | Became a worshipper of Kikubaaqudgha
  5110 | D:4      | Learned a level 2 spell: Song of Slaying
  5114 | D:4      | Learned a level 3 spell: Spectral Weapon
  5160 | D:4      | Reached skill level 1 in Hexes
  5160 | D:4      | Reached XP level 6. HP: 19/37 MP: 8/14
  5446 | D:4      | Found a snail-covered altar of Cheibriados.
  6358 | D:5      | Entered Level 5 of the Dungeon
  6360 | D:5      | Found a sand-covered staircase.
  6366 | Ossuary  | Entered an ossuary
  6644 | Ossuary  | Reached * piety under Kikubaaqudgha
  6644 | Ossuary  | Identified Kikubaaqudgha's Grimoire of Evil Magic
                  | (Kikubaaqudgha gifted it to you in an ossuary)
  6644 | Ossuary  | Received a gift from Kikubaaqudgha
  6802 | Ossuary  | Reached XP level 7. HP: 41/41 MP: 4/15
  7083 | D:5      | Found a shimmering altar of Xom.
  7168 | D:5      | Reached skill level 5 in Hexes
  7380 | D:5      | Found an iron altar of Okawaru.
  8570 | D:5      | Reached XP level 8. HP: 11/48 MP: 13/16
  8970 | D:5      | Reached skill level 5 in Fighting
  8970 | D:5      | Reached skill level 1 in Shields
  9119 | D:5      | Found a glowing silver altar of Zin.
  9507 | D:6      | Reached ** piety under Kikubaaqudgha
  9973 | D:6      | Noticed Edmund
 10129 | D:4      | Killed Edmund
 10506 | D:6      | Reached skill level 5 in Spellcasting
 10641 | D:6      | Reached skill level 6 in Spellcasting
 10641 | D:6      | Reached XP level 9. HP: 47/55 MP: 18/20
 10783 | D:6      | Reached skill level 7 in Spellcasting
 10858 | D:6      | Found a shadowy altar of Dithmenos.
 10858 | D:6      | Found a stormy altar of Qazlal.
 10859 | D:6      | Found a glowing golden altar of the Shining One.
 10951 | D:7      | Found a staircase to the Ecumenical Temple.
 10966 | D:6      | Upgraded the game from 0.24-a0-653-g3936067ed8 to
                  | 0.24-a0-693-g39a19ac0f1
 11482 | D:7      | Reached skill level 8 in Spellcasting
 11507 | D:7      | Noticed Harold
 12339 | D:7      | Reached skill level 9 in Spellcasting
 12867 | D:8      | Reached *** piety under Kikubaaqudgha
 12867 | D:8      | Identified Kikubaaqudgha's Compendium of Unholy Rituals
                  | (Kikubaaqudgha gifted it to you on level 8 of the Dungeon)
 12867 | D:8      | Received a gift from Kikubaaqudgha
 12890 | D:8      | Learned a level 5 spell: Borgnjor's Vile Clutch
 13026 | D:8      | Reached skill level 1 in Necromancy
 13155 | D:8      | Noticed a tengu warrior
 13182 | D:8      | Killed a tengu warrior
 13182 | D:8      | Reached XP level 10. HP: 32/64 MP: 22/25
 13427 | D:8      | Noticed Pikel
 13449 | D:8      | Killed Pikel
 13773 | D:8      | Found a burning altar of Makhleb.
 13860 | D:8      | Noticed Joseph
 13881 | D:8      | Killed Joseph
 13881 | D:8      | Reached skill level 5 in Necromancy
 14480 | D:9      | Paralysed by a hornet for 2 turns
 14940 | D:9      | Found a staircase to the Orcish Mines.
 15074 | D:9      | Noticed Erolcha
 15084 | D:9      | Killed from afar by Erolcha

Levels and vault maps discovered:
D:1:      lemuel_arrival_muddy, layout_basic, minivault_24
D:2:      layout_loops_corners, first_ration, grunt_gozag_statues
D:3:      minmay_general_purpose_star, layout_loops_ring,
          nicolae_overflow_crystal_walls, gammafunk_ghost_icy, nrook_uturn,
          grunt_qazlal_clouds, uniq_grinder
D:4:      layout_gridville, nicolae_overflow_quartered_altars
D:5:      minmay_razor_zed, layout_basic, marbit_many_paths,
          okawaru_ov_weapons_minmay, xom_butterflies,
          nicolae_ossuary_entry_monument, nrook_mini_vaults, zaba_anthole,
          minmay_tree_intersection
D:6:      layout_rooms, gammafunk_temple_overflow_claw, serial_undead,
          serial_undead_f, serial_undead_a, serial_undead_e, serial_undead_a,
          uniq_edmund
D:7:      layout_rooms, minmay_temple_entry_steel_oval, uniq_harold
D:8:      layout_loops_cross, kennysheep_mini_moat, uniq_joseph, uniq_pikel
D:9:      layout_roguey, lemuel_coloured_pillars_altar, david_orc_3,
          gammafunk_ghost_icy, hangedman_pestilent_swarm,
          chequers_decorated_corner, uniq_maurice, uniq_erolcha

Skill      XL: |  1  2  3  4  5  6  7  8  9 10 |
---------------+-------------------------------+-----
Fighting       | 2 3 4 6 7 8 |  8.1
Stealth        | 2 3 |  3.0
Spellcasting   | 4 6 9 |  9.6
Charms         | 5 |  5.7
Translocations | 2 |  2.1
Hexes          | 1 4 5 |  5.6
Dodging        | 4 |  4.2
Shields        | 4 |  4.0
Necromancy     | 3 8 |  8.2
Short Blades   | |  2.0
Armour         | |  0.7

Action                   |  1- 3 |  4- 6 |  7- 9 | 10-12 || total
-------------------------+-------+-------+-------+-------++-------
Melee: Short sword       |    96 |       |       |       ||    96
       Dagger            |    72 |   308 |   386 |       ||   766
       Unarmed           |       |     3 |       |       ||     3
       Flail             |       |       |   233 |   132 ||   365
Throw: Dart              |       |     4 |       |       ||     4
 Cast: Infusion          |    23 |    15 |     3 |       ||    41
       Shroud of Golubri |     3 |    12 |    10 |     5 ||    30
       Spectral Weapon   |       |       |    16 |     3 ||    19
Evoke: Wand              |       |       |    15 |     2 ||    17
  Use: Scroll            |       |    14 |     2 |     1 ||    17
       Potion            |       |     3 |     5 |     3 ||    11
 Stab: Sleeping          |     2 |     2 |       |       ||     4
       Distracted        |       |       |     7 |       ||     7
       Paralysed         |       |       |    15 |       ||    15
  Eat: Chunk             |     2 |    12 |    10 |     7 ||    31
       Ration            |     1 |     1 |     3 |       ||     5
Armor: Leather armour    |    44 |     4 |       |       ||    48
       Skin              |       |     6 |    31 |    38 ||    75
       Scale mail        |       |    67 |   259 |    45 ||   371
Dodge: Dodged            |    80 |   106 |   239 |    43 ||   468
Block: Buckler           |       |       |    76 |    21 ||    97

Table legend:
 A = Non-vault XP
 B = Vault XP
 C = Vault XP percentage of total XP
 D = Non-vault monster count
 E = Vault monster count
 F = Vault count percentage of total count
                 A         B        C        D         E       F
            +---------+---------+-------+---------+---------+-------
      Total |    5608 |    3124 |  35.8 |     175 |      64 |  26.8
            +---------+---------+-------+---------+---------+-------
        D:1 |      49 |       0 |   0.0 |      30 |       0 |   0.0
        D:2 |      75 |       0 |   0.0 |      28 |       0 |   0.0
        D:3 |      42 |     133 |  76.0 |      16 |       3 |  15.8
        D:4 |     172 |     157 |  47.7 |      10 |       1 |   9.1
        D:5 |     624 |     361 |  36.6 |      19 |      10 |  34.5
        D:6 |    1172 |     209 |  15.1 |      21 |       8 |  27.6
        D:7 |    1510 |       0 |   0.0 |      28 |       0 |   0.0
        D:8 |    1499 |    1084 |  42.0 |      18 |       2 |  10.0
        D:9 |     465 |     898 |  65.9 |       5 |       8 |  61.5
    Ossuary |       0 |     282 | 100.0 |       0 |      32 | 100.0
            +---------+---------+-------+---------+---------+-------
